 Dungeon Crawl Stone Soup version 0.30.0-19-g36f170ea60 (webtiles) character file.

Game seed: 12121516319430442108

12 buriedalive the Chiller (level 2, -3/15 HPs)
             Began as a Deep Elf Ice Elementalist on May 30, 2023.
             Slain by a hobgoblin (4 damage)
             ... on level 2 of the Dungeon.
             The game lasted 00:02:42 (1186 turns).

buriedalive the Chiller (Deep Elf Ice Elementalist) Turns: 1186, Time: 00:02:43

Health: -3/15      AC:  4    Str:  5    XL:     2   Next: 20%
Magic:  8/8        EV: 13    Int: 19    God:
Gold:   51         SH:  0    Dex: 15    Spells: 6/7 levels left

rFire   . . .        (no weapon)
rCold   . . .        (no shield)
rNeg    . . .        a - +0 robe
rPois   +            g - +0 helmet
rElec   .            f - +0 cloak
rCorr   .            (no gloves)
SInv    .            (no boots)
Will    .....        (no amulet)
Stlth   ++           c - ring of poison resistance
HPRegen 0.22/turn    (no ring)
MPRegen 0.11/turn

%: no passive effects
@: no status effects
A: no striking features
a: no special abilities


You were on level 2 of the Dungeon.
You visited 1 branch of the dungeon, and saw 2 of its levels.

You collected 51 gold pieces.

Inventory:

Missiles
 h - 14 stones
 k - 6 curare-tipped darts
Armour
 a - a +0 robe (worn)
 f - a +0 cloak (worn)
 g - a +0 helmet (worn)
Jewellery
 c - a ring of poison resistance (left hand)
Scrolls
 j - a scroll of fear
Potions
 b - a potion of magic
 d - 2 potions of flight {unknown}
 e - 2 potions of brilliance {unknown}
 i - a potion of curing {unknown}


   Skills:
 + Level 2.8 Dodging
 - Level 2.4 Stealth
 + Level 3.4 Spellcasting
 + Level 4.6 Ice Magic


You had 6 spell levels left.
You knew the following spells:

 Your Spells              Type           Power      Damage    Failure   Level
a - Freeze                Ice            80%        1d9       2%          1

Your spell library contained the following spells:

 Spells                   Type           Power      Damage    Failure   Level
 Frozen Ramparts          Ice            40%        1d7       7%          3
 Ozocubu's Armour         Ice            20%        N/A       7%          3
 Beastly Appendage        Tmut           6%         N/A       14%         1
 Blink                    Tloc           6%         N/A       22%         2
 Lesser Beckoning         Tloc           6%         N/A       22%         2
 Momentum Strike          Conj/Tloc      6%         3d8       22%         2
 Wereblood                Tmut           3%         N/A       22%         2
 Spider Form              Tmut/Pois      3%         N/A       41%         3
 Summon Ice Beast         Ice/Summ       12%        N/A       50%         4


Dungeon Overview and Level Annotations

Branches:
Dungeon (2/15)

Altars:

Annotations:
D:2 Sigmund


Message History

l - a scroll labelled UTHRAU CAGROSS
As you read the scroll labelled NIBUSH PUSHREO, it crumbles to dust.
You assume a fearsome visage.
Nothing appears to happen.
It was a scroll of fear.
As you read the scroll labelled UXORIM HITA, it crumbles to dust.
You feel strangely unstable.
It was a scroll of teleportation.
Blink to where?
Press: ? - help, Dir - move target
As you read the scroll labelled UTHRAU CAGROSS, it crumbles to dust.
It was a scroll of blinking.
You start resting.
Your surroundings suddenly seem different.
Found a ring mail.
Magic restored.
Found a cloak and a ring mail.
Found 3 stones.
You see here a +0 cloak.
f - a +0 cloak You start putting on your armour.
You continue putting on your +0 cloak. x4
You finish putting on your +0 cloak.
You see here a +0 ring mail.
h - 14 stones (gained 3)
A hobgoblin comes into view.
You see here a scroll of fear.
j - a scroll of fear
d - 2 clear potions (gained 1)
Found a faded altar of an unknown god.
You enter the shallow water.
Moving in this stuff is going to be slow.
The hobgoblin shouts!
Sigmund shouts!
Sigmund gestures at you while chanting. The puff of flame hits you!
The hobgoblin hits you.
Sigmund points at you and mumbles some strange words.
The magic dart hits you.
* * * LOW HITPOINT WARNING * * *
There is an escape hatch in the floor here.
The hobgoblin hits you.
You die...

......#.. .....$.. ..
......#### ... ......g..###
#!.. .P.~.P...#P#######..#
.P..PPPP.#.........# #.......
P...P.≈P#........# ........
P.......#..#.....# #......
P..⌠..P.#.......@######.....
....P.PP#.P.....g.##.......
..#..#.#.............#....#####
..#..#_#...#........@#..#.....#
.[######.P......#..........##.#
......#..PP.....###....<......>
......#........<..>....$.####..
##.#.###........###....<......
##...# #######.>.#.......#####


You could see Sigmund and a hobgoblin.

Vanquished Creatures
  5 endoplasms
  A giant cockroach (D:1)
  A hobgoblin (D:1)
  A quokka (D:1)
  A ball python (D:2)
  A rat (D:1)
10 creatures vanquished.

Notes
Turn   | Place    | Note
-------+----------+-------------------------------------------
     0 | D:1      | buriedalive the Deep Elf Ice Elementalist began the quest
                  | for the Orb.
     0 | D:1      | Reached XP level 1. HP: 10/10 MP: 6/6
   457 | D:1      | Reached XP level 2. HP: 15/15 MP: 5/8
   813 | D:2      | Noticed Sigmund
  1156 | D:2      | Found a faded altar of an unknown god.
  1186 | D:2      | Slain by a hobgoblin

Illustrated notes

Levels and vault maps discovered:
D:1:      spicycebolla_arrival_xxxplode, layout_basic
D:2:      layout_rooms, shapermc_ecumenical_altar_mp_ritualfount, uniq_sigmund

Action                     || total
---------------------------++-------
  Melee: Unarmed           ||     3
   Cast: Freeze            ||    17
    Use: Scroll            ||     3
 Armour: Robe              ||     1
  Dodge: Dodged            ||    10
